 Dungeon Crawl Stone Soup version 0.32-a0-540-g866d13106e (webtiles) character file.

Game seed: 17162925320781810790

527 Newt the Cutter (level 7, 0/55 HPs)
             Began as a Demonspawn Gladiator on Feb 28, 2024.
             Slain by a gnoll
             ... wielding a +0 spear
              (1 damage)
             ... on level 3 of the Dungeon.
             The game lasted 00:03:03 (3147 turns).

Newt the Cutter (Demonspawn Gladiator)              Turns: 3147, Time: 00:03:04

Health: 0/55       AC:  4    Str: 25    XL:     7   Next: 2%
Magic:  7/7        EV: 12    Int:  8    God:
Gold:   120        SH:  0    Dex: 14    Spells: 6/6 levels left

rFire   . . .        u - +7 dagger "Motseuju" {elec, rPois Str+2}
rCold   . . .        (no shield)
rNeg    . . .        b - +0 leather armour
rPois   +            (helmet restricted)
rElec   .            (no cloak)
rCorr   .            v - +0 pair of gloves
SInv    .            (no boots)
Will    .....        (no amulet)
Stlth   +            r - ring of Fallacy {Fly Str+6}
HPRegen 0.29/turn    (no ring)
MPRegen 0.20/turn

%: no passive effects
@: flying
A: horns 2, magic regeneration
a: no special abilities


You were on level 3 of the Dungeon.
You visited 1 branch of the dungeon, and saw 3 of its levels.

You collected 120 gold pieces.

Inventory:

Hand Weapons
 a - a +0 rapier
 t - a +1 dagger of venom
 u - the +7 dagger "Motseuju" (weapon) {elec, rPois Str+2}
   (You found it on level 2 of the Dungeon)

   Str+2:     It affects your strength (+2).
   rPois:     It protects you from poison
Missiles
 s - 5 silver javelins
Armour
 b - a +0 leather armour (worn)
 c - a +0 helmet
 v - a +0 pair of gloves (worn)
Jewellery
 r - the ring of Fallacy (left hand) {Fly Str+6}
   (You found it on level 2 of the Dungeon)

   [ring of strength]

   Str+6:     It affects your strength (+6).
   Fly:       It grants you flight.
Scrolls
 f - a scroll of blinking
 g - a scroll of butterflies
 h - a scroll of poison
 j - a scroll of silence {unknown}
 k - a scroll of revelation
 m - a scroll of fog
 n - a scroll of enchant weapon {unknown}
 p - a scroll of noise
 q - a scroll of vulnerability
Potions
 i - a potion of attraction {unknown}
 l - a potion of mutation {unknown}
 o - a potion of curing {unknown}


   Skills:
 + Level 4.6 Fighting
 - Level 6.2 Short Blades
 - Level 1.7 Throwing
 * Level 2.6 Dodging


You had 6 spell levels left.
You didn't know any spells.
Your spell library contained the following spells:

 Spells                   Type           Power      Damage    Failure   Level
 Magic Dart               Conj           0%         1d3       45%         1
 Searing Ray              Conj           0%         2d4       58%         2
 Dazzling Flash           Conj/Hex       0%         N/A       83%         3
 Volatile Blastmotes      Fire/Tloc      0%         2d10      83%         3
 Fulminant Prism          Conj/Alch      0%         3d5       99%         4
 Starburst                Conj/Fire      0%         6d3       100%        6
 Maxwell's Capacitive Co  Air            0%         ∞         100%        8


Dungeon Overview and Level Annotations

Branches:
Dungeon (3/15)

Altars:
Wu Jian


Innate Abilities, Weirdness & Mutations

You have a pair of horns on your head.
You regenerate magic rapidly.


Message History

You hit the gnoll but do no damage. Lightning courses through the gnoll!!
You kill the gnoll!
You hear a splash.
The gnoll barely misses you.
The gnoll splashes around in the water.
The kobold brigand splashes around in the water.
You barely miss the kobold brigand. The gnoll closely misses you.
You puncture the kobold brigand! You headbutt the kobold brigand.
The kobold brigand is moderately wounded.
The gnoll splashes around in the water.
The kobold brigand barely misses you. The gnoll barely misses you.
You hit the kobold brigand.
Lightning courses through the kobold brigand!
You headbutt the kobold brigand.
The kobold brigand is severely wounded.
The gnoll hits you from afar with a +0 spear.
The kobold brigand barely misses you.
You puncture the kobold brigand!
Lightning courses through the kobold brigand!
You kill the kobold brigand!
You hear a splash. x3
The gnoll closely misses you. The gnoll hits you but does no damage.
Your Short Blades skill increases to level 6!
You have reached level 7!
There are no items here.
The gnoll barely misses you. x2
You hit the gnoll.
The gnoll is moderately wounded.
The gnoll hits you from afar with a +0 halberd.
* * * LOW HITPOINT WARNING * * *
You hit the gnoll.
The gnoll is severely wounded.
The gnoll hits you with a +0 spear.
* * * LOW HITPOINT WARNING * * *
You hit the gnoll.
The gnoll is almost dead.
The gnoll hits you from afar with a +0 halberd!
* * * LOW HITPOINT WARNING * * *
The gnoll barely misses you.
The gnoll hits you from afar with a +0 spear.
You die...

##############################
..............P...............
..P.............P.....).....†.
..≈~~~~~~~≈≈~@≈~~~~~~~~~~~~~≈≈
..~≈≈≈≈≈~≈≈≈≈≈≈≈~~≈≈≈~≈~≈≈≈≈≈≈
..≈≈#####≈~gg$$~~~~≈≈~~~≈~~~≈†
..≈ #.. #)....................
.P #.. #'####################
### #.)..# #....# #......
##''#....


You could see 2 gnolls.

Vanquished Creatures
  A kobold brigand (D:3)
  3 howler monkeys (D:3)
  2 orc priests (D:3)
  A gnoll bouda (D:3)
  A hound (D:3)
  12 gnolls (D:3)
  2 adders (D:2)
  2 dart slugs (D:1)
  16 orcs (D:3)
  4 ball pythons
  5 endoplasms
  5 goblins
  8 hobgoblins
  10 jackals (D:3)
  4 kobolds
  2 quokkas
  2 frilled lizards
  2 rats
82 creatures vanquished.

Notes
Turn   | Place    | Note
-------+----------+-------------------------------------------
     0 | D:1      | Newt the Demonspawn Gladiator began the quest for the Orb.
     0 | D:1      | Reached XP level 1. HP: 16/16 MP: 1/1
   291 | D:1      | Reached skill level 3 in Short Blades
   318 | D:1      | Gained mutation: You have a pair of small horns on your
                  | head. [demonic ancestry]
   318 | D:1      | Reached XP level 2. HP: 19/22 MP: 2/2
  1014 | D:2      | Found an ornate altar of the Wu Jian Council.
  1353 | D:2      | Reached XP level 3. HP: 3/28 MP: 3/3
  1579 | D:2      | Identified the ring of Fallacy {Fly Str+6}
  1910 | D:2      | Identified the +7 dagger "Motseuju" {elec, rPois Str+2}
  2092 | D:3      | Reached skill level 4 in Short Blades
  2092 | D:3      | Gained mutation: You have a pair of horns on your head.
                  | [demonic ancestry]
  2092 | D:3      | Reached XP level 4. HP: 19/35 MP: 4/4
  2525 | D:3      | Gained mutation: You regenerate magic rapidly. [demonic
                  | ancestry]
  2525 | D:3      | Reached XP level 5. HP: 40/41 MP: 5/5
  2763 | D:3      | Reached skill level 5 in Short Blades
  3062 | D:3      | Reached XP level 6. HP: 48/48 MP: 6/6
  3143 | D:3      | Reached skill level 6 in Short Blades
  3143 | D:3      | Reached XP level 7. HP: 18/55 MP: 7/7
  3146 | D:3      | HP: 1/55 [gnoll/+0 halberd (12)]
  3147 | D:3      | Slain by a gnoll

Illustrated notes

Levels and vault maps discovered:
D:1:      dpeg_arrival_rooms_b, layout_loops_corners,
          nicolae_twisty_statue_hallways
D:2:      layout_loops_ring, serial_aquarium, aquarium_bridge_straight
          [aquarium_subvault_bridge, aquarium_subvault_window,
          aquarium_subvault_bridge, aquarium_subvault_wall],
          aquarium_window_fake, aquarium_window_fake, aquarium_view_2b,
          basic_altar
D:3:      lemuel_castle_with_subvaults [lemuel_castle_interior_carwin_3],
          layout_loops_ring, shapermc_ecumenical_altar_flowoftime

Skill      XL: |  1  2  3  4  5  6 |
---------------+-------------------+-----
Short Blades   | 3 4 5 6 |  6.2
Fighting       | 3 4 |  4.6
Throwing       | |  1.7
Dodging        | |  2.6

Action                     |  1- 3 |  4- 6 |  7- 9 || total
---------------------------+-------+-------+-------++-------
  Melee: Rapier            |    74 |       |       ||    74
         Headbutt          |    11 |    11 |       ||    22
         Dagger            |     3 |   116 |     3 ||   122
  Throw: Throwing net      |     2 |     4 |       ||     6
         Javelin           |       |     1 |       ||     1
    Use: Scroll            |     5 |     2 |       ||     7
   Stab: Sleeping          |     1 |       |       ||     1
 Armour: Leather armour    |    46 |    46 |     4 ||    96
  Dodge: Dodged            |    40 |    70 |     3 ||   113

Table legend: (Time is in decaauts)
 A = Elapsed time spent in this place.
 B = Non-inter-level travel time spent in this place.
 C = Inter-level travel time spent in this place.
 D = Time resting spent in this place.
 E = Time spent auto-exploring this place.
 F = Levels seen in this place.
 G = Mean time per level.
                   A        B        C        D        E       F      G
               +--------+--------+--------+--------+--------+-----+--------+
         Total |   3117 |   3042 |     75 |    883 |   1737 |   3 | 1039.0 |
       Dungeon |   3117 |   3042 |     75 |    883 |   1737 |   3 | 1039.0 |
               +--------+--------+--------+--------+--------+-----+--------+

Top non-repeatable levels by time:
     D:2: 1089 daAuts
     D:3: 1028 daAuts
     D:1: 999 daAuts
